 Dungeon Crawl Stone Soup version 0.26.0-45-g9c1d065592 (webtiles) character file.

Game seed: 3425382669373646744

29 thiole the Magician (level 3, -1/21 HPs)
             Began as an Octopode Hedge Wizard on Jan 27, 2021.
             Hit by a stone thrown by a hobgoblin (4 damage)
             ... on level 2 of the Dungeon.
             The game lasted 00:01:09 (1449 turns).

thiole the Magician (Octopode Hedge Wizard)         Turns: 1449, Time: 00:01:10

Health: -1/21      AC:  1    Str:  9    XL:     3   Next: 16%
Magic:  0/7        EV: 13    Int: 17    God:
Gold:   44         SH:  0    Dex: 11    Spells: 3/8 levels left

rFire    . . .     SeeInvis .   a - +0 dagger
rCold    . . .     Faith    .   (no shield)
rNeg     . . .     Spirit   .   b - +0 hat
rPois    .         Reflect  .   (no amulet)
rElec    .         Harm     .   (no ring)
rCorr    .         Rampage  .   (no ring)
Will     .....                  (no ring)
Stlth    +++.......             (no ring)
HPRegen  0.07/turn              (no ring)
MPRegen  0.10/turn              (no ring)
                                (no ring)
                                (no ring)

@: no status effects
A: almost no armour, stealthy swim, amphibious, 8 rings, constrict 8, camouflage
1, gelatinous body 1
a: no special abilities


You were on level 2 of the Dungeon.
You visited 1 branch of the dungeon, and saw 2 of its levels.

You collected 44 gold pieces.

Inventory:

Hand Weapons
 a - a +0 dagger (weapon)
Armour
 b - a +0 hat (worn)
Scrolls
 f - a scroll of enchant armour {unknown}
Potions
 c - a potion of brilliance {unknown}
 d - a potion of curing {unknown}
 e - a potion of degeneration {unknown}


   Skills:
 - Level 2.0 Dodging
 + Level 3.1 Stealth
 + Level 3.1 Spellcasting
 * Level 1.9 Conjurations
 * Level 1.9 Summonings
 - Level 1.0 Translocations


You had 3 spell levels left.
You knew the following spells:

 Your Spells              Type           Power        Failure   Level
a - Magic Dart            Conj           36%          8%          1
b - Call Imp              Summ           9%           12%         2
c - Blink                 Tloc           N/A          17%         2

Your spell library contained the following spells:

 Spells                   Type           Power        Failure   Level
 Slow                     Hex            2%           26%         2
 Conjure Flame            Conj/Fire      5%           34%         3
 Mephitic Cloud           Conj/Pois/Air  4%           36%         3


Dungeon Overview and Level Annotations

Branches:
Dungeon (2/15)

Altars:


Innate Abilities, Weirdness & Mutations

You cannot wear most types of armour.
You are very stealthy in the water. (Stealth+)
You are amphibious.
You can wear up to eight rings at the same time.
You can use your tentacles to constrict eight enemies at once.
Your skin changes colour to match your surroundings (Stealth+).
Your rubbery body absorbs attacks. (AC +1, EV +1)


Message History

You see here a stone.
The hobgoblin throws a stone.
The stone barely misses your crimson imp.
The stone misses you.
You see here a stone.
A kobold comes into view. It is wielding a +0 short sword.
The kobold shouts!
The hobgoblin throws a stone.
The stone closely misses your crimson imp.
The stone closely misses you.
You see here a stone.
Casting: Call Imp (safe; 12% risk of failure)
Confirm with . or Enter, or press ? or * to list all spells.
A metallic apparition takes form in the air.
The hobgoblin throws a stone.
The stone misses your crimson imp. The stone barely misses you.
The hobgoblin throws a stone.
The stone closely misses your crimson imp.
The stone hits you.
You die...

.......###........
.#.###..#.##.......
##...(## ...... #
#....(.# ....
#.#...(†.# ##....
#.....†..# ...####
#.#......# K.....#
. #.g##..##.5.##..
#.....(5@.......
#......#########
.........##
#.#.###### ... .. .


You could see a hobgoblin, a kobold, a friendly iron imp (summoned) and a
friendly crimson imp (summoned).

Vanquished Creatures
  A worm (D:2)
  A dart slug (D:2)
  A leopard gecko (D:2)
  3 bats
  A giant cockroach (D:1)
  A goblin (D:1)
  3 hobgoblins
  2 jackals (D:1)
  5 kobolds (D:1)
  3 frilled lizards (D:1)
  3 rats
24 creatures vanquished.

Notes
Turn   | Place    | Note
-------+----------+-------------------------------------------
     0 | D:1      | thiole the Octopode Hedge Wizard began the quest for the
                  | Orb.
     0 | D:1      | Reached XP level 1. HP: 11/11 MP: 4/4
   337 | D:1      | Reached XP level 2. HP: 17/17 MP: 3/6
  1217 | D:1      | Learned a level 2 spell: Call Imp
  1220 | D:1      | Learned a level 2 spell: Blink
  1431 | D:2      | Reached XP level 3. HP: 21/21 MP: 2/7
  1449 | D:2      | Hit by a stone thrown by a hobgoblin

Illustrated notes

Levels and vault maps discovered:
D:1:      dpeg_arrival_erosion, layout_basic, supply_closet_lemuel
D:2:      layout_loops_cross, uniq_terence

Skill      XL: |  1  2 |
---------------+-------+-----
Stealth        | 3 |  3.1
Dodging        | |  2.0
Spellcasting   | |  3.1
Conjurations   | |  1.9
Summonings     | |  1.9
Translocations | |  1.0

Action                   || total
-------------------------++-------
Melee: Dagger            ||    23
       Constrict         ||     7
       Tentacles         ||     3
 Cast: Magic Dart        ||    41
       Call Imp          ||     2
Armor: Skin              ||     3
Dodge: Dodged            ||    21
